 Dungeon Crawl Stone Soup version 0.31-a0-189-ga26ba32dd1 (webtiles) character file.

Game seed: 407139933788911593

72 qw the Shooter (level 4, -1/25 HPs)
             Began as a Deep Elf Hunter on June 23, 2023.
             Slain by an orc wizard
             ... wielding a +0 dagger
              (3 damage)
             ... on level 3 of the Dungeon.
             The game lasted 00:00:46 (2633 turns).

qw the Shooter (Deep Elf Hunter)                    Turns: 2633, Time: 00:00:46

Health: -1/25      AC:  6    Str: 10    XL:     4   Next: 7%
Magic:  6/6        EV: 11    Int: 14    God:
Gold:   138        SH:  0    Dex: 18    Spells: 3/3 levels left

rFire   . . .        Y - +2 shortbow
rCold   . . .        (shield currently unavailable)
rNeg    . . .        b - +0 ring mail
rPois   .            d - +0 helmet
rElec   .            (no cloak)
rCorr   .            (no gloves)
SInv    .            (no boots)
Will    .....        (no amulet)
Stlth   +            (no ring)
HPRegen 0.24/turn    (no ring)
MPRegen 0.10/turn

%: no passive effects
@: about to teleport
A: no striking features
a: no special abilities


You were on level 3 of the Dungeon.
You visited 1 branch of the dungeon, and saw 4 of its levels.

You collected 138 gold pieces.


   Skills:
 - Level 1.5 Fighting
 + Level 7.5 Ranged Weapons
 - Level 2.4 Dodging
 - Level 1.2 Stealth


You had 3 spell levels left.
You didn't know any spells.
Your spell library was empty.

Inventory:

Hand Weapons
 Y - a +2 shortbow (weapon)
Armour
 b - a +0 ring mail (worn)
 d - a +0 helmet (worn)
Jewellery
 k - the ring "Uqoo" {Fire rCorr Str-5 Stlth+}
   (You found it on level 3 of the Dungeon)

   [ring of fire]

   It enhances your fire magic.
   Str:       It affects your strength (-5).
   rF:        It protects you from fire.
   rC:        It makes you vulnerable to cold.
   rCorr:     It protects you from acid and corrosion.
   Stlth:     It makes you more stealthy.
Scrolls
 f - a scroll of identify
 h - a scroll of teleportation
Potions
 g - a potion of curing {unknown}
 i - a potion of might {unknown}
 j - a potion of degeneration {unknown}

Dungeon Overview and Level Annotations

Branches:
Dungeon (4/15)
 Temple: D:4-7

Altars:
Dithmenos
Uskayaw


Message History

The magic dart hits you!
2619 ||| DRINKING potion of heal wounds.
You feel much better.
The orc wizard gestures wildly while chanting.
The orc wizard flickers and vanishes!
Deactivating autopickup; reactivate with Ctrl-A.
The orc wizard hits you with a +0 dagger.
Something hits you.
The orc wizard hits you but does no damage.
Something hits you but does no damage.
The orc wizard hits you with a +0 dagger.
You hear some strange, mumbled words.
A magic dart appears from out of thin air!
The magic dart hits you.
The orc wizard gestures at you while chanting.
You resist with some effort. Something hits you but does no damage.
The orc wizard hits you with a +0 dagger.
Something hits you. The orc wizard closely misses you.
You hear some strange, mumbled words.
You are more confused.
The orc wizard barely misses you. Something hits you.
The orc wizard completely misses you. Something hits you.
The orc wizard hits you with a +0 dagger.
Something hits you but does no damage. The orc wizard closely misses you.
Something hits you but does no damage. The orc wizard barely misses you.
Something hits you but does no damage. The orc wizard closely misses you.
You hear some strange, mumbled words.
Something tries to affect you, but you resist.
The orc wizard hits you but does no damage.
You feel less confused. Something hits you but does no damage.
The orc wizard points at you and mumbles some strange words.
The puff of flame hits you.
2633 ||| READING 2 scrolls of teleportation.
As you read the scroll of teleportation, it crumbles to dust.
You feel strangely unstable. Something hits you.
You die...

### ..# #[# #.# #.# ###### #.#
#....# #.####....########
..........'....{@#
#.####....######o# #.# #....#
#.# #.####....# #.# #)..##....#
#.#########
###.##....######'##......#######
#.##...............#P....#P#.#
#!##...............~~.~~P~~..#
#.###...............~~7~~P~~7#


You could see an orc wizard.

Vanquished Creatures
  An adder (D:2)
  2 dart slugs
  4 endoplasms
  10 goblins
  5 hobgoblins
  6 jackals
  6 kobolds
  6 ball pythons
  5 bats
  2 frilled lizards
  5 rats
52 creatures vanquished.

Notes
Turn   | Place    | Note
-------+----------+-------------------------------------------
     0 | D:1      | qw the Deep Elf Hunter began the quest for the Orb.
     0 | D:1      | Reached XP level 1. HP: 12/12 MP: 3/3
     0 | D:1      | 0 ||| qw: Version: 0.3-a-9-g12657ce
     0 | D:1      | 0 ||| qw: Game counter: 4434
     0 | D:1      | 0 ||| qw: Always use a shield: true
     0 | D:1      | 0 ||| qw: God list: Okawaru
     0 | D:1      | 0 ||| qw: Allow faded altars: false
     0 | D:1      | 0 ||| qw: Do Orc after D:15 true
     0 | D:1      | 0 ||| qw: Do second Lair branch before Depths: true
     0 | D:1      | 0 ||| qw: Lair rune preference: random
     0 | D:1      | 0 ||| qw: Plans: Normal
     0 | D:1      | 0 ||| PLANNING D:1-11
   238 | D:1      | 238 ||| FLEEEEING.
   244 | D:1      | 244 ||| FLEEEEING.
   253 | D:1      | Found a faded altar of an unknown god.
   319 | D:1      | Reached XP level 2. HP: 16/16 MP: 4/4
   446 | D:1      | Reached skill level 6 in Ranged Weapons
   577 | D:1      | 577 ||| FLEEEEING.
   579 | D:1      | 579 ||| FLEEEEING.
   580 | D:1      | 580 ||| FLEEEEING.
   827 | D:1      | 827 ||| UPGRADING to +0 helmet.
   832 | D:1      | 832 ||| READING scroll labelled ZEL FA TIX.
   833 | D:1      | 833 ||| READING scroll labelled JEECVI KINA.
   834 | D:1      | 834 ||| DROPPING scroll of butterflies.
   955 | D:2      | Reached XP level 3. HP: 20/20 MP: 5/5
  1392 | D:2      | Reached skill level 7 in Ranged Weapons
  1568 | D:2      | 1568 ||| UPGRADING to +0 ring mail.
  1578 | D:2      | 1578 ||| DROPPING +0 leather armour.
  1579 | D:2      | 1579 ||| READING 3 scrolls labelled FENGYU ESOEPT.
  1582 | D:2      | 1582 ||| READING 2 scrolls of identify.
  1582 | D:2      | 1582 ||| IDENTIFYING viscous sapphire potion
  1616 | D:3      | Found a hide-covered altar of Uskayaw.
  1681 | D:3      | Found a shadowy altar of Dithmenos.
  1943 | D:3      | 1943 ||| READING scroll of enchant weapon.
  1943 | D:3      | 1943 ||| ENCHANTING +1 shortbow.
  1993 | D:3      | Identified the ring "Uqoo" {Fire rCorr Str-5 Stlth+}
  2096 | D:3      | Reached XP level 4. HP: 25/25 MP: 6/6
  2541 | D:3      | 2541 ||| READING scroll labelled JEMIYKHOYDGH.
  2542 | D:3      | 2542 ||| READING 2 scrolls of identify.
  2542 | D:3      | 2542 ||| IDENTIFYING fuming orange potion
  2543 | D:3      | 2543 ||| DROPPING potion of lignification.
  2578 | D:4      | 2578 ||| FLEEEEING.
  2580 | D:4      | 2580 ||| STAIRDANCE
  2613 | D:4      | 2613 ||| STAIRDANCE
  2618 | D:3      | HP: 3/25 [orc wizard/magic dart (7)]
  2619 | D:3      | 2619 ||| DRINKING potion of heal wounds.
  2627 | D:3      | HP: 6/25 [orc wizard/+0 dagger (3)]
  2632 | D:3      | HP: 2/25 [orc wizard/puff of flame (6)]
  2633 | D:3      | 2633 ||| READING 2 scrolls of teleportation.
  2633 | D:3      | Slain by an orc wizard

Levels and vault maps discovered:
D:1:      lightli_iron_boxes, layout_loops_corners,
          shapermc_ecumenical_altar_pompeii
D:2:      layout_loops_cross, minmay_bisected
D:3:      layout_basic, grunt_temple_overflow_open, st_stairs_14,
          chequers_avenue, serial_bayou_pond_b
D:4:      layout_basic, serial_shops, nicolae_shop_window_shopping

Skill      XL: |  1  2  3 |
---------------+----------+-----
Ranged Weapons | 6 7 |  7.5
Fighting       | |  1.5
Dodging        | |  2.4
Stealth        | |  1.2

Action                     |  1- 3 |  4- 6 || total
---------------------------+-------+-------++-------
   Fire: Shortbow          |   105 |    20 ||   125
    Use: Scroll            |     5 |     3 ||     8
         Potion            |       |     1 ||     1
 Armour: Leather armour    |     7 |       ||     7
         Ring mail         |     4 |    15 ||    19
  Dodge: Dodged            |    19 |    18 ||    37

Table legend:
 A = Non-vault XP
 B = Vault XP
 C = Vault XP percentage of total XP
 D = Non-vault monster count
 E = Vault monster count
 F = Vault count percentage of total count
                 A         B        C        D         E       F
            +---------+---------+-------+---------+---------+-------
      Total |      94 |      10 |   9.6 |      46 |       6 |  11.5
            +---------+---------+-------+---------+---------+-------
        D:1 |      29 |       0 |   0.0 |      16 |       0 |   0.0
        D:2 |      34 |       4 |  10.5 |      13 |       2 |  13.3
        D:3 |      31 |       6 |  16.2 |      17 |       4 |  19.0
            +---------+---------+-------+---------+---------+-------
